Map: 2000 Atmospheres LE

Players

CoolCatz

  • Race: Zerg Zerg

Kudohlol - Winner!

  • Race: Terran Terran
  • League: Diamond

VOD

Have the link to the VOD?

Description

Time

  • Played on: April 3, 2022, 12:58 a.m.
  • Length: 17:54
Show
View Real Time Build Order
Export as new Build Order

CoolCatz Zerg 

Build Orders: Hatch First 

Get SALT Encoding   

  12  0:00  Drone  
  13  0:12  Overlord  
  13  0:16  Drone  
  14  0:30  Drone  
  14  0:31  Drone  
  16  0:50  Hatchery  
  16  0:53  Drone  
  16  0:56  Drone  
  17  0:59  Drone  
  18  1:10  Extractor  
  17  1:16  Spawning Pool  
  16  1:19  Drone  
  16  1:21  Drone  
  18  1:28  Drone  
  19  1:43  Drone  
  20  1:52  Overlord  
  20  2:03  Queen x2  
  20  2:04  Zergling x2  
  20  2:05  Zergling x2  
  26  2:20  Drone, Roach Warren  
  26  2:22  Drone  
  27  2:33  Drone  
  28  2:42  Extractor  
  28  2:54  Drone x2  
  28  2:56  Overlord  
  30  3:00  Roach x3  
  36  3:15  Roach x2  
  40  3:26  Roach x2  
  44  3:28  Overlord  
  44  3:29  Overlord  
  44  3:49  Ravager  
  44  3:51  Drone x5  
  44  3:52  Drone x4  
  44  3:55  Queen  
  56  3:56  Overlord  
  56  4:01  Extractor  
  56  4:02  Lair  
  55  4:04  Drone  
  55  4:30  Drone  
  55  4:31  Drone x11  
  65  4:41  Metabolic Boost  
  65  4:42  Drone  
  65  4:43  Drone  
  65  4:54  Drone x2  
  65  4:56  Extractor x2  
  65  5:06  Spore Crawler  
  62  5:18  Queen  
  64  5:27  Hatchery  
  63  5:29  Spire, Drone x2  
  64  5:42  Drone x4  
  68  5:44  Overlord x2  
  68  5:45  Overlord  
  68  5:57  Overseer  
  68  6:02  Overseer  
  68  6:08  Spore Crawler  
  64  6:28  Drone  
  64  6:29  Drone x11  
  76  6:38  Hatchery  
  75  6:41  Mutalisk x4  
  75  6:42  Baneling Nest  
  82  6:50  Drone x4  
  82  6:51  Spore Crawler  
  82  6:52  Extractor  
  84  6:55  Extractor  
  84  7:00  Drone  
  84  7:02  Drone x2  
  84  7:04  Drone x3  
  89  7:09  Mutalisk x2  
  89  7:10  Hatchery  
  89  7:14  Zergling x2  
  89  7:15  Zergling x4  
  95  7:28  Evolution Chamber  
  94  7:30  Evolution Chamber  
  94  7:35  Mutalisk x2  
  97  7:38  Overlord x3  
  97  7:50  Drone  
  97  7:51  Drone x6  
  104  7:57  Hatchery  
  103  8:01  Extractor x2  
  101  8:06  Drone x8  
  105  8:16  Centrifugal Hooks  
  104  8:20  Zerg Ground Armor Level 1  
  100  8:27  Drone x2  
  100  8:28  Drone x6  
  107  8:35  Pneumatized Carapace  
  107  8:38  Overlord x4  
  107  8:39  Overlord  
  107  8:40  Zergling x2  
  108  8:44  Extractor  
  108  8:45  Extractor  
  108  8:47  Spore Crawler x2  
  104  8:48  Drone  
  104  8:49  Drone x2, Queen  
  109  8:58  Zergling x2, Zerg Melee Weapons Level 1  
  109  8:59  Zergling x8  
  114  9:03  Drone x3  
  117  9:15  Baneling x4  
  117  9:16  Baneling x5  
  111  9:29  Zergling x2  
  111  9:30  Zergling x16, Hatchery  
  117  9:33  Baneling  
  117  9:34  Zergling x4, Baneling x6  
  119  9:40  Zergling x12  
  119  9:41  Zergling x12  
  131  9:49  Zergling x2  
  131  9:50  Zergling x6  
  131  9:51  Baneling x2  
  131  9:52  Zergling x2, Baneling x12  
  136  9:53  Zergling x4  
  138  10:02  Zergling x2  
  138  10:03  Zergling x14  
  138  10:05  Mutalisk x4  
  154  10:14  Drone x3  
  157  10:29  Hatchery  
  157  10:30  Overlord  
  157  10:31  Overlord x4  
  156  10:48  Drone x2  
  156  10:49  Overlord x2  
  147  11:03  Zergling x4  
  147  11:04  Zergling x34  
  138  11:22  Zergling x2  
  138  11:23  Zergling x20  
  139  11:33  Zergling x2  
  139  11:34  Zergling x8  
  139  11:36  Baneling x8  
  139  11:38  Baneling x4  
  139  11:39  Baneling x8  
  144  11:46  Zergling x2  
  138  11:47  Zergling x14  
  138  11:52  Zergling x2  
  138  11:53  Zergling x2  
  144  12:00  Drone  
  144  12:01  Drone x2  
  147  12:03  Drone x4  
  147  12:04  Drone  
  152  12:11  Baneling x11  
  152  12:12  Baneling x11  
  136  12:27  Zergling x22  
  136  12:28  Zergling x4  
  105  12:47  Roach x11  
  105  12:48  Roach  
  105  12:50  Glial Reconstitution  
  129  12:54  Queen  
  131  13:04  Drone x11  
  142  13:11  Mutalisk  
  142  13:12  Mutalisk x4  
  149  13:14  Drone  
  149  13:18  Extractor  
  149  13:20  Extractor  
  149  13:24  Spore Crawler  
  149  13:25  Spore Crawler  
  146  13:27  Spine Crawler  
  146  13:33  Spore Crawler  
  144  13:34  Spore Crawler  
  144  13:36  Spine Crawler  
  142  13:46  Zergling x2  
  143  13:50  Ravager  
  143  13:51  Ravager x8  
  143  13:52  Zergling x6  
  143  13:53  Zergling x36  
  172  14:00  Zergling x2  
  172  14:01  Zergling x4  
  142  14:18  Zergling x16  
  142  14:19  Zergling x8  
  150  14:28  Zergling x8  
  154  14:35  Baneling x7  
  154  14:36  Baneling x25  
  154  14:37  Zergling x2  
  155  14:47  Overlord  
  130  15:03  Zergling x6  
  130  15:04  Zergling x20  
  92  15:49  Hatchery  
  93  15:55  Baneling  
  93  15:56  Baneling x20  
  87  16:02  Zergling x18  
  87  16:03  Zergling x14  
  98  16:11  Infestation Pit  
  85  16:20  Zergling x12  
  90  16:26  Mutalisk x3  
  90  16:27  Mutalisk x5  
  106  16:35  Drone  
  106  16:36  Drone x4  
  111  16:41  Mutalisk  
  113  16:56  Hatchery  
  112  17:03  Hydralisk Den  
  92  17:20  Zergling x2  
  92  17:21  Zergling x28  
  107  17:34  Lurker Den  
Show
View Real Time Build Order
Export as new Build Order

Kudohlol Terran - Winner!

Build Orders: Reaper Expand 

Get SALT Encoding   

  12  0:00  SCV  
  13  0:12  SCV  
  14  0:17  Supply Depot  
  14  0:27  SCV  
  15  0:39  Refinery  
  15  0:40  Barracks  
  15  0:42  SCV  
  16  0:54  SCV  
  17  1:06  SCV  
  18  1:18  SCV  
  19  1:27  Reaper  
  20  1:33  Orbital Command  
  20  1:53  Supply Depot  
  20  1:58  Command Center  
  20  2:00  SCV  
  20  2:12  SCV, Bunker  
  20  2:13  Barracks Reactor  
  21  2:23  Factory  
  21  2:24  SCV  
  21  2:28  Refinery  
  22  2:37  SCV  
  23  2:41  Supply Depot  
  23  2:49  SCV  
  24  2:59  Marine x2  
  24  3:03  SCV  
  27  3:10  Factory Tech Lab  
  27  3:11  Orbital Command  
  27  3:17  SCV  
  27  3:19  Marine x2  
  30  3:30  Cyclone  
  30  3:32  Starport  
  30  3:33  SCV  
  34  3:37  Marine x2, SCV  
  37  3:46  SCV  
  38  3:51  Supply Depot, SCV  
  39  3:57  Marine  
  39  3:58  Marine  
  41  4:03  SCV  
  41  4:04  Cyclone  
  41  4:08  Starport Tech Lab  
  45  4:27  SCV  
  45  4:28  SCV  
  45  4:31  Banshee  
  47  4:32  Marine x2  
  47  4:36  Supply Depot  
  47  4:38  Supply Depot  
  52  4:42  Orbital Command  
  52  4:48  SCV  
  53  5:02  SCV  
  53  5:03  Marine x2  
  53  5:04  Cyclone  
  56  5:11  SCV  
  56  5:14  Banshee  
  57  5:15  Bunker  
  57  5:18  SCV  
  61  5:24  SCV  
  62  5:31  Cloaking Field  
  62  5:32  Marine x2  
  64  5:37  Barracks  
  64  5:46  SCV  
  64  5:47  SCV  
  66  5:53  Engineering Bay  
  66  5:54  Engineering Bay  
  66  5:58  SCV  
  66  6:01  Barracks  
  66  6:03  Barracks  
  67  6:05  SCV  
  67  6:10  Factory Tech Lab  
  68  6:16  SCV  
  69  6:22  SCV  
  69  6:24  Terran Infantry Weapons Level 1, Command Center, Terran Infantry Armor Level 1  
  70  6:26  Refinery  
  70  6:27  Refinery  
  70  6:32  SCV  
  71  6:35  Missile Turret  
  71  6:36  Missile Turret x2  
  71  6:39  Missile Turret  
  71  6:50  SCV x2  
  73  6:56  Supply Depot  
  73  7:02  SCV  
  74  7:09  Stimpack  
  74  7:21  Starport Reactor  
  74  7:23  Missile Turret  
  74  7:28  Missile Turret  
  74  7:31  SCV, Armory  
  74  7:32  SCV, Supply Depot  
  74  7:34  Supply Depot x2  
  75  7:37  Orbital Command  
  75  7:39  Missile Turret, Combat Shield  
  75  7:41  Barracks Reactor  
  75  7:44  SCV  
  76  7:48  Barracks  
  76  7:50  SCV  
  77  7:55  Siege Tank  
  77  7:56  Supply Depot  
  80  8:04  SCV  
  81  8:14  Missile Turret  
  81  8:36  Marine, Barracks Reactor  
  81  8:37  Marine x5  
  81  8:38  Siege Tank, Orbital Command, Medivac x2  
  94  8:51  Terran Infantry Armor Level 2, Terran Infantry Weapons Level 2  
  94  8:58  Marine  
  94  8:59  Marine x5  
  100  9:05  SCV x2  
  100  9:06  SCV  
  103  9:18  Marine  
  103  9:19  Marine x5  
  103  9:24  Marine x2  
  109  9:25  Medivac x2  
  109  9:27  Supply Depot  
  109  9:28  SCV x3, Supply Depot  
  109  9:29  Supply Depot  
  118  9:36  Marine  
  118  9:37  Marine x3  
  119  9:41  Marine x2  
  119  9:42  Marine x2, Siege Tank  
  119  9:44  SCV x3  
  129  9:52  Barracks x2  
  129  9:54  Marine x3  
  129  9:55  Marine  
  129  9:56  Barracks  
  129  9:59  Marine x2, Barracks, SCV x2  
  138  10:00  SCV  
  138  10:02  Refinery  
  138  10:03  Refinery  
  138  10:04  Command Center  
  138  10:05  Marine x2  
  138  10:06  Supply Depot x2  
  140  10:11  SCV  
  140  10:12  Marine x3  
  144  10:31  Marine x3  
  144  10:32  Marine x5, Siege Tank, Medivac x2  
  159  10:49  Marine x3, Barracks Tech Lab x2  
  162  10:55  Supply Depot  
  154  10:57  Supply Depot  
  154  11:01  Marine x6  
  111  11:07  Marine x3  
  107  11:19  Orbital Command  
  107  11:20  Marine x2  
  107  11:21  Marine x2  
  107  11:23  Marine  
  91  11:25  Marine  
  90  11:32  Marine  
  90  11:33  Marine x3  
  90  11:34  Siege Tank  
  90  11:38  SCV x2  
  98  11:47  Marine  
  98  11:48  Marine x2  
  98  11:49  Marauder x2  
  98  11:50  SCV  
  98  11:53  Marauder x2  
  110  11:55  SCV x2  
  112  12:02  SCV  
  112  12:04  Marine x4  
  112  12:05  Marine  
  112  12:07  SCV  
  119  12:10  Marine, Marauder x2  
  119  12:11  Marine  
  119  12:14  Marauder x2  
  121  12:26  SCV x2  
  121  12:27  SCV x2  
  121  12:29  Marine x3  
  113  12:30  Marine x4  
  113  12:31  Marine, Marauder  
  113  12:36  Marauder x2  
  109  12:38  SCV  
  109  12:39  SCV x3  
  109  12:50  SCV  
  109  12:51  SCV x3  
  112  12:57  Marine x2  
  115  13:03  SCV x2  
  117  13:10  Marine  
  117  13:11  Marine x2  
  117  13:12  Marauder x2  
  124  13:13  SCV x2  
  124  13:15  SCV  
  124  13:18  Supply Depot  
  127  13:26  Marine x2  
  131  13:27  Marauder x2, Medivac x2  
  131  13:29  Siege Tank  
  131  13:33  SCV  
  141  13:42  Marine x2, Marauder, Command Center  
  141  13:43  Marauder  
  141  13:45  SCV  
  148  13:57  Medivac  
  150  14:04  Marine x3  
  150  14:05  Marine x2, Marauder x2  
  143  14:22  Marine x5  
  143  14:23  Marauder x2  
  144  14:30  Marine  
  144  14:31  Marine, Marauder  
  143  14:32  Marine  
  143  14:38  Planetary Fortress  
  144  14:39  Marine x2  
  144  14:40  Marine  
  144  14:43  SCV x2  
  144  14:44  Marauder  
  102  15:00  Marine x2  
  102  15:01  Marine x4  
  102  15:02  Marauder x3  
  102  15:06  Marine x2  
  108  15:18  Marine x2  
  106  15:32  SCV  
  106  15:33  SCV x2  
  106  15:34  Marine  
  106  15:35  Marine x5, Marauder  
  118  15:36  Marauder  
  118  15:40  SCV  
  120  15:44  SCV  
  120  15:45  SCV  
  122  15:53  Command Center  
  122  16:02  Marine x6  
  122  16:03  Marauder x2  
  108  16:19  Marine x3  
  108  16:21  Marine  
  108  16:22  Marine x3  
  108  16:24  Marauder  
  108  16:25  Marauder  
  119  16:28  Marine x2  
  121  16:36  Planetary Fortress  
  121  16:37  Marine, SCV x2, Marauder  
  121  16:38  SCV, Marauder  
  129  16:43  SCV  
  129  16:46  Marauder  
  132  16:47  Marine x2  
  132  16:49  SCV  
  132  16:51  Marine x4  
  132  16:52  Marauder  
  141  16:59  Marauder  
  143  17:07  Marine  
  143  17:08  Marine x2  
  141  17:11  SCV  
  141  17:12  SCV x2  
  141  17:13  Marine x2, SCV x2  
  144  17:16  Orbital Command  
  144  17:23  Marine x2, SCV  
  144  17:24  SCV  
  144  17:26  Marauder  
  144  17:27  Marauder x3  
  159  17:30  Marine x2  
Tags
 
Add a new tag
Caveats
  • Supply blocks, unpowered buildings, or Contaminate may cause inaccurate times.
  • Supply counts are checked every 10 seconds.